 Dungeon Crawl Stone Soup version 0.32-a0-999-gfa1cc04b1d (webtiles) character file.

Game seed: 4660964490915056326

92 2FriedEggs the Slasher (level 4, -21/63 HPs)
             Began as a Tengu Monk on Apr 24, 2024.
             Killed by an exploding kobold brigand (36 damage)
             ... ignited by their inner flame
             ... on level 3 of the Dungeon.
             The game lasted 00:04:34 (1762 turns).

2FriedEggs the Slasher (Tengu Monk)                 Turns: 1762, Time: 00:04:36

Health: -21/63     AC: 22    Str:  9 (12) XL:     4   Next: 60%
Magic:  5/5        EV:  2    Int:  7 (10) God:
Gold:   180        SH:  0    Dex: 16 (18) Spells: 3/3 levels left

rFire   . . .        a - +0 falchion
rCold   . . .        d - orb {light}
rNeg    + . .        j - melded +0 scale mail
rPois   +            (helmet currently unavailable)
rElec   .            (cloak currently unavailable)
rCorr   .            (gloves currently unavailable)
SInv    .            (boots unavailable)
Will    .....        (no amulet) Stlth
                     g - ring of positive energy
HPRegen 0.30/turn    (no ring)
MPRegen 0.09/turn

%: acrobat
@: berserking, lethally poisoned (-21 -> -23), tree-form, glowing, very quick
A: stationary, stasis, torment immunity, boosted hp, (beak), (talons 3),
acrobatic
a: no special abilities


You were on level 3 of the Dungeon.
You were a tree.
You visited 1 branch of the dungeon, and saw 3 of its levels.

You collected 180 gold pieces.

Inventory:

Hand Weapons
 a - a +0 falchion (weapon)
Missiles
 h - 6 poisoned darts (quivered)
 k - 3 silver javelins
Armour
 d - an orb of light (worn)
 i - an orb of mayhem
 j - a +0 scale mail (melded)
Jewellery
 g - a ring of positive energy (left branch)
 n - a +6 ring of dexterity
Potions
 p - a potion of curing {unknown}


   Skills:
 - Level 3.0 Fighting
 * Level 5.0 Long Blades
 + Level 4.2 Dodging


You had 3 spell levels left.
You didn't know any spells.
Your spell library was empty.

Dungeon Overview and Level Annotations

Branches:
Dungeon (3/15)

Altars:
Ashenzari
Uskayaw


Innate Abilities, Weirdness & Mutations

You are a tree.
Your roots penetrate the ground, keeping you stationary.
You cannot be teleported.
You are immune to unholy pain and torment.
Your maximum health is greatly increased.
Your equipment is partially melded.
((You have a beak for a mouth.))
((You have claws for feet.))
You can magically evade attacks while moving or waiting.


Message History

The kobold brigand hits you with a +0 club.
The kobold brigand throws a poisoned dart.
The poisoned dart hits you!
You are poisoned.
You feel very sick.
The kobold brigand hits you with a +0 club.
Okay, then.
It was a potion of degeneration.
There was something very wrong with that liquid.
You feel weakened.
You feel dopey.
You feel clumsy.
You feel sick.
The kobold brigand hits you with a +0 club.
It was a potion of lignification.
You turn into a tree.
Your +0 scale mail melds into your body.
Your roots penetrate the ground.
You feel sick.
The kobold brigand hits you but does no damage. x2
You closely miss the kobold brigand.
The kobold brigand is heavily wounded.
You feel sick.
The kobold brigand hits you but does no damage.
The kobold brigand hits you with a +0 club.
You hit the kobold brigand but do no damage.
The kobold brigand is heavily wounded.
You feel sick.
The kobold brigand hits you but does no damage. x2
It was a potion of berserk rage.
A red film seems to cover your vision as you go berserk!
You feel yourself moving faster!
You feel mighty!
You feel sick.
The kobold brigand hits you but does no damage.
The kobold brigand hits you with a +0 club.
* * * LOW HITPOINT WARNING * * *
You are too berserk!
You hit the kobold brigand.
Flame seeps out of the kobold brigand.
The kobold brigand is severely wounded.
The kobold brigand hits you but does no damage.
The kobold brigand is engulfed in blazing flames.
The kobold brigand explodes!
The fiery explosion engulfs you!!!
Ouch! That really hurt!
You die...

.).......*,* #))#~...##'#.#*###*
.........*,* ##..#~~..##.#.#,,,,,
....######.###..##~~..##...#,*,,*
........,..###..#~~~~.##...#,,**,
########*#####..#≈≈~~.##.#.#,,**,
#####..#≈~~~....#.#,*,,*
#####..##~~..####.#,,,,,
######..#~~>...,,,#**++* *
######.♣##~####***,**,,* *
#######K○#~#### *,,,,** *
#####~#§§###### *,**** *
#####~#))###### *,* *
####~~#..###### *,* ****
###~~≈#..###### *,* ,,,*
###~~≈##..##### *,* ,,,****
###~~~≈#..##### *,* ,,,,,,*
###~≈≈##..##### *,*


You could see a kobold brigand (inner flame).

Vanquished Creatures
  A kobold brigand (D:3)
  Terence (D:2)
  An adder (D:3)
  2 ribbon worms (D:2)
  An orc (D:3)
  9 ball pythons
  2 bats
  3 endoplasms (D:1)
  2 giant cockroaches (D:1)
  6 hobgoblins
  2 jackals (D:3)
  11 kobolds
  A quokka (D:3)
  4 frilled lizards
  4 goblins (D:1)
  4 rats
54 creatures vanquished.

Notes
Turn   | Place    | Note
-------+----------+-------------------------------------------
     0 | D:1      | 2FriedEggs the Tengu Monk began the quest for the Orb.
     0 | D:1      | Reached XP level 1. HP: 14/14 MP: 2/2
   146 | D:1      | Reached XP level 2. HP: 19/19 MP: 3/3
   404 | D:1      | Reached skill level 4 in Long Blades
   595 | D:1      | Reached XP level 3. HP: 23/23 MP: 4/4
   704 | D:2      | Found a faded altar of an unknown god.
   900 | D:2      | Found a broken altar of Ashenzari.
  1077 | D:2      | Noticed Terence
  1085 | D:2      | Killed Terence
  1086 | D:2      | Reached XP level 4. HP: 18/28 MP: 5/5
  1527 | D:3      | Found a hide-covered altar of Uskayaw.
  1683 | D:3      | Reached skill level 5 in Long Blades
  1734 | D:3      | Noticed a kobold brigand
  1748 | D:3      | Noticed a kobold brigand
  1762 | D:3      | Killed a kobold brigand
  1762 | D:3      | Killed by an exploding kobold brigand... ignited by their
                  | inner flame

Illustrated notes

Levels and vault maps discovered:
D:1:      heliophobic_arrival_glass_houses, layout_basic
D:2:      layout_basic, shapermc_ecumenical_altar_mp_ritualfount, basic_altar,
          uniq_terence
D:3:      cheibrodos_thug_alley, layout_basic, led_sif_pool,
          mainiacjoe_overflow_six_doors_small, minmay_misc_feat_roman,
          kennysheep_generic_room_15

Skill      XL: |  1  2  3  4 |
---------------+-------------+-----
Long Blades    | 4 5 |  5.0
Dodging        | 4 |  4.2
Fighting       | |  3.0

Action                     |  1- 3 |  4- 6 || total
---------------------------+-------+-------++-------
  Melee: Falchion          |    49 |    46 ||    95
         Kick              |    12 |    13 ||    25
         Peck              |     9 |     6 ||    15
    Use: Potion            |       |     5 ||     5
         Scroll            |       |     2 ||     2
 Armour: Robe              |     8 |       ||     8
         Scale mail        |     8 |    30 ||    38
         Skin              |       |    10 ||    10
  Dodge: Dodged            |    23 |    26 ||    49

Table legend: (Time is in decaauts)
 A = Elapsed time spent in this place.
 B = Non-inter-level travel time spent in this place.
 C = Inter-level travel time spent in this place.
 D = Time resting spent in this place.
 E = Time spent auto-exploring this place.
 F = Levels seen in this place.
 G = Mean time per level.
                   A        B        C        D        E       F      G
               +--------+--------+--------+--------+--------+-----+--------+
         Total |   1767 |   1719 |     48 |      0 |   1383 |   3 |  589.0 |
       Dungeon |   1767 |   1719 |     48 |      0 |   1383 |   3 |  589.0 |
               +--------+--------+--------+--------+--------+-----+--------+

Top non-repeatable levels by time:
     D:2: 834 daAuts
     D:1: 651 daAuts
     D:3: 281 daAuts
